 Dungeon Crawl Stone Soup version 0.28.0-53-g5a82cb258f (webtiles) character file.

Game seed: 62865244188325382

32 Infinimo the Cudgeller (level 3, -3/37 HPs)
             Began as an Ogre Gladiator on May 28, 2022.
             Slain by a goblin
             ... wielding a +1 dagger of speed
             ... led by Robin
              (4 damage)
             ... on level 2 of the Dungeon.
             The game lasted 00:01:06 (1673 turns).

Infinimo the Cudgeller (Ogre Gladiator)             Turns: 1673, Time: 00:01:08

Health: -3/37      AC:  3    Str: 20    XL:     3   Next: 27%
Magic:  3/3        EV: 10    Int:  9    God:
Gold:   20         SH:  0    Dex: 10    Spells: 2/2 levels left

rFire   . . .      SeeInvis .   a - +1 flail
rCold   . . .      Faith    .   (no shield)
rNeg    . . .      Spirit   .   b - +0 robe
rPois   .          Reflect  .   c - +0 hat
rElec   .          Harm     .   (no cloak)
rCorr   .          Rampage  .   (gloves unavailable)
Will    .....                   (boots unavailable)
Stlth   +.........              (no amulet)
HPRegen 0.12/turn               (no ring)
MPRegen 0.08/turn               (no ring)

@: hasted, very quick
A: large, unfitting armour, tough skin 1
a: no special abilities


You were on level 2 of the Dungeon.
You visited 1 branch of the dungeon, and saw 2 of its levels.

You collected 20 gold pieces.

Inventory:

Hand Weapons
 a - a +1 flail (weapon)
Missiles
 d - 3 throwing nets (quivered)
Armour
 b - a +0 robe (worn)
 c - a +0 hat (worn)
Jewellery
 i - a ring of magical power
Scrolls
 f - 2 scrolls of enchant weapon
 g - a scroll of magic mapping {unknown}
 j - a scroll of teleportation {unknown}


   Skills:
 + Level 3.4 Fighting
 * Level 3.5 Maces & Flails
 - Level 2.0 Throwing
 - Level 2.6 Dodging


You had 2 spell levels left.
You didn't know any spells.
Your spell library was empty.

Dungeon Overview and Level Annotations

Branches:
Dungeon (2/15)

Altars:

Annotations:
D:2 Robin


Innate Abilities, Weirdness & Mutations

You are too large for most types of armour.
You have tough skin. (AC +1)


Message History

You sock the goblin!
You kill the goblin!
The goblin hits you with a +0 club.
Things that are here:
a +0 club; a goblin corpse Robin throws the goblin at you!
The goblin hits you but does no damage. Robin throws the goblin at you!
You barely miss the goblin. The goblin hits you with a +0 club.
The goblin barely misses you. x2; The goblin hits you but does no damage.
The goblin no longer looks unusually strong.
The goblin hits you but does no damage. The goblin hits you with a +0 club.
The goblin hits you with a +0 dagger.
The goblin no longer looks unusually strong.
The goblin no longer looks unusually strong.
The goblin closely misses you. Robin throws the goblin at you!
The goblin no longer looks unusually strong.
The goblin completely misses you. Robin throws the goblin at you!
The goblin no longer looks unusually strong.
The goblin barely misses you.
The goblin hits you with a +1 dagger of speed.
Robin says, "A pitiful Ogre like you will never find the ORB!"
Robin throws the goblin at you!
The goblin hits you with a +1 dagger of speed.
* * * LOW HITPOINT WARNING * * *
The goblin hits you with a +1 dagger of speed.
* * * LOW HITPOINT WARNING * * *
The goblin hits you with a +0 dagger.
* * * LOW HITPOINT WARNING * * *
As you read the scroll labelled MIARRA YDIKEEPP, it crumbles to dust.
It is a scroll of enchant weapon.
Your +0 flail glows red for a moment.
The goblin barely misses you.
It was a potion of haste.
You feel yourself speed up. The goblin hits you with a +0 dagger.
* * * LOW HITPOINT WARNING * * *
The goblin hits you with a +1 dagger of speed.
* * * LOW HITPOINT WARNING * * *
The goblin hits you but does no damage.
The goblin hits you with a +1 dagger of speed.
You die...

+... ..g gg # #############
#g #.##########.......[....
#. #..<............#.######
#.
###..).....g....##########)
............gg...............
............@ggg.g.g.........
#############################


You could see Robin and 7 goblins.

Vanquished Creatures
  An adder (D:2)
  A ball python (D:1)
  2 bats (D:1)
  5 endoplasms (D:1)
  2 giant cockroaches (D:1)
  2 hobgoblins (D:1)
  A quokka (D:1)
  A frilled lizard (D:1)
  3 goblins
  2 kobolds (D:1)
  A rat (D:2)
21 creatures vanquished.

Notes
Turn   | Place    | Note
-------+----------+-------------------------------------------
     0 | D:1      | Infinimo the Ogre Gladiator began the quest for the Orb.
     0 | D:1      | Reached XP level 1. HP: 22/22 MP: 1/1
   287 | D:1      | Reached XP level 2. HP: 19/31 MP: 2/2
   820 | D:1      | Found a faded altar of an unknown god.
  1502 | D:2      | Reached XP level 3. HP: 19/37 MP: 3/3
  1649 | D:2      | Noticed Robin
  1673 | D:2      | HP: 1/37 [goblin/+1 dagger of speed[Robin] (2)]
  1673 | D:2      | Slain by a goblin

Illustrated notes

Levels and vault maps discovered:
D:1:      wander_arrival_estate, layout_basic,
          shapermc_ecumenical_altar_mp_ritualfount, st_stairs_7
D:2:      layout_basic, amcnicky_mini_pool_small, minmay_pentomino_t2,
          uniq_crazy_yiuf_cottage, uniq_robin

Skill      XL: |  1 |
---------------+----+-----
Fighting       | 3 |  3.4
Maces & Flails | 3 |  3.5
Throwing       | |  2.0
Dodging        | |  2.6

Action                   || total
-------------------------++-------
Melee: Flail             ||    76
       Punch             ||     1
  Use: Potion            ||     2
       Scroll            ||     1
 Stab: Sleeping          ||     1
Armor: Robe              ||    31
Dodge: Dodged            ||    50
